 Dungeon Crawl Stone Soup version 0.31-a0-986-g5e6e4ef867 (webtiles) character file.

Game seed: 17410568699161627392

9039 serber55 the Slicer (level 11, 0/102 HPs)
             Began as a Kobold Enchanter on Nov 15, 2023.
             Was a Priest of Dithmenos.
             Slain by a centaur warrior
             ... wielding the +8 autumn katana {manifold assault}
              (14 damage)
             ... on level 9 of the Dungeon.
             The game lasted 00:35:50 (9434 turns).

serber55 the Slicer (Kobold Enchanter)              Turns: 9434, Time: 00:35:51

Health: 0/102      AC: 25    Str:  9    XL:     11   Next: 67%
Magic:  2/22       EV:  3    Int: 17    God:    Dithmenos [***...]
Gold:   477        SH:  5    Dex: 22    Spells: 9/24 levels left

rFire   . . .        f - +2 dagger (freeze)
rCold   . . .        (no shield)
rNeg    . . .        v - melded +0 steam dragon scales
rPois   +            (helmet currently unavailable)
rElec   .            (cloak currently unavailable)
rCorr   .            (gloves currently unavailable)
SInv    .            (boots currently unavailable)
Will    .....        d - amulet of reflection
Stlth   +++++        j - +6 ring of dexterity
HPRegen 0.37/turn    i - +5 ring of evasion
MPRegen 0.18/turn

%: reflection
@: mighty, tree-form, wreathed by umbra
A: stationary, stasis, torment immunity, boosted hp, small, no large weapons,
nightstalker 3, (electricity resistance)
a: Renounce Religion, Shadow Step


You were on level 9 of the Dungeon.
You worshipped Dithmenos.
Dithmenos was most pleased with you.
You were a tree.
You visited 1 branch of the dungeon, and saw 9 of its levels.

You collected 477 gold pieces.

Inventory:

Hand Weapons
 f - a +2 dagger of freezing (weapon)
 h - a +0 short sword of holy wrath
Missiles
 k - 20 poisoned darts (quivered)
Armour
 m - a +1 robe
 v - +0 steam dragon scales (melded)
Jewellery
 d - an amulet of reflection (around neck)
 i - a +5 ring of evasion (right branch)
 j - a +6 ring of dexterity (left branch)
 x - a ring of poison resistance
Wands
 s - a wand of iceblast (9)
 u - a wand of polymorph (10)
 w - a wand of charming (7)
Scrolls
 b - a scroll of teleportation
 c - 3 scrolls of immolation
 g - a scroll of blinking
Potions
 a - a potion of resistance
 l - 3 potions of haste
 n - 2 potions of curing {unknown}
 o - a potion of might
 p - a potion of attraction
 q - a potion of mutation
 r - a potion of lignification
 z - a potion of enlightenment {unknown}


   Skills:
 + Level 7.8 Fighting
 + Level 10.4 Short Blades
 + Level 8.8 Dodging
 - Level 4.0 Stealth
 + Level 7.3 Spellcasting
 * Level 10.2 Hexes


You had 9 spell levels left.
You knew the following spells:

 Your Spells              Type           Power      Damage    Failure   Level
a - Ensorcelled Hibernat  Hex/Ice        46%        N/A       1%          2
b - Confusing Touch       Hex            41%        N/A       1%          3
c - Tukima's Dance        Hex            41%        N/A       1%          3
d - Dazzling Flash        Conj/Hex       46%        N/A       4%          3
e - Anguish               Hex/Necr       11%        N/A       14%         4

Your spell library contained the following spells:

 Spells                   Type           Power      Damage    Failure   Level
 Jinxbite                 Hex            82%        N/A       1%          2
 Inner Flame              Hex/Fire       23%        N/A       4%          3
 Magic Dart               Conj           24%        1d4       11%         1
 Call Imp                 Summ           12%        N/A       17%         2
 Passwall                 Tmut/Erth      5%         N/A       17%         2
 Mephitic Cloud           Conj/Pois/Air  6%         N/A       32%         3
 Stone Arrow              Conj/Erth      12%        3d7       32%         3
 Swiftness                Air            6%         N/A       32%         3
 Animate Armour           Summ/Erth      12%        N/A       73%         4
 Flame Wave               Conj/Fire      6%         2d5       73%         4
 Sticky Flame             Conj/Fire      6%         2d3       73%         4
 Lehudib's Crystal Spear  Conj/Erth      3%         10d2      100%        8


Dungeon Overview and Level Annotations

Branches:
Dungeon (9/15)             Temple (0/1) D:7            Lair (0/5) D:8
    Orc: D:9-12

Altars:
Dithmenos
Gozag
Hepliaklqana
Okawaru
Qazlal
Sif Muna
Vehumet
Wu Jian
Xom

Shops:
D:2 (   D:3 (   D:7 [

Annotations:
D:6 3 runed translucent doors, boiyoioing's ghost, novice GnCA


Innate Abilities, Weirdness & Mutations

You are a tree.
Your roots penetrate the ground, keeping you stationary.
You cannot be teleported.
You are immune to unholy pain and torment.
Your maximum health is greatly increased.
Your equipment is partially melded.
You are small and have problems with some larger weapons.
You are completely attuned to the shadows.
((You are resistant to electric shocks. (rElec)))


Message History

Your magical contamination has completely faded away.
You hit the centaur warrior but do no damage.
You barely miss the centaur warrior.
The centaur warrior hits you with the +8 autumn katana {manifold assault}!
* * * LOW HITPOINT WARNING * * *
The centaur warrior kicks you but does no damage.
You hit the centaur warrior but do no damage.
The centaur warrior barely misses you.
The centaur warrior completely misses you.
Casting: Confusing Touch (safe; 1% risk of failure)
Confirm with . or Enter, or press ? or * to list all spells.
Aiming: Ensorcelled Hibernation (safe; 1% risk of failure)
Press: ? - help, Shift-Dir - straight line, f/p - centaur warrior
Aim: a centaur warrior, wielding the +8 autumn katana {manifold assault} and wearing quicksilver dragon scales (chance to confuse on hit: 18%, umbra, chance to affect: 11%)
The centaur warrior resists with almost no effort.
You block the centaur warrior's attack.
The centaur warrior completely misses you.
You barely miss the centaur warrior. The centaur warrior misses you.
The centaur warrior closely misses you.
You barely miss the centaur warrior. The centaur warrior misses you.
The centaur warrior kicks you but does no damage.
You hit the centaur warrior but do no damage.
You hit the centaur warrior but do no damage.
The centaur warrior hits you with the +8 autumn katana {manifold assault}.
* * * LOW HITPOINT WARNING * * *
The centaur warrior kicks you but does no damage.
You turn into a tree.
Your +0 steam dragon scales melds into your body.
Your roots penetrate the ground.
The centaur warrior hits you with the +8 autumn katana {manifold assault}!
* * * LOW HITPOINT WARNING * * *
The centaur warrior kicks you but does no damage.
You block the centaur warrior's attack.
The centaur warrior kicks you but does no damage.
You hit the centaur warrior but do no damage.
Your branches stop glowing.
Unknown command.
You completely miss the centaur warrior.
The centaur warrior hits you with the +8 autumn katana {manifold assault}!
You die...

,,###.###############..#
,,#..#..#,,,,,**,*,*#..#
*,#.).).#,,,,,*,*,*,#..#
,,##.).##,,,,,,,*,*,#.##
,,#..†..#,,,,,*,*,#.#.#
,,#..#[.#,,,,,**,#.*#.#
*,###.###**,*****.###.#
*,#..##†#,,,,,*##c..#.#
*,#..##.#*,,,,##♣.#.#.#
*,#)....#,,*,,#.=#†.#.##
*,#.##[.#,,,,*#.#..##..#
*.#[##).#),,,,#...###..#
..###.#######*###.###..#
..#.....#....#####..#..#
#.#.##.##.##..##..#.#..#
#.###.##..#*#..[###.#..#
#[##.##.#.###.###**.#..#


You could see a centaur warrior.

Vanquished Creatures
  2 centaur warriors (D:9)
  3 komodo dragons (D:8)
  2 trolls (D:9)
  A hornet (D:9)
  Prince Ribbit (D:8)
  Sigmund (D:2)
  4 wyverns
  A yak (D:9)
  A basilisk (D:8)
  Grum (D:8)
  3 steam dragons
  4 acid dragons
  3 water moccasins
  5 orc warriors
  2 ice beasts
  2 black bears
  2 wolves (D:8)
  An ogre (D:5)
  4 centaurs
  A phantom (D:6)
  2 kobold brigands
  7 bullfrogs
  A gnoll sergeant (D:9)
  7 scorpions
  5 killer bees (D:9)
  5 howler monkeys
  A crimson imp (D:7)
  5 jellies
  8 hounds
  6 orc priests
  A sleepcap (D:7)
  5 orc wizards
  2 iguanas (D:6)
  13 adders
  2 white imps
  2 worms (D:3)
  3 dart slugs
  28 orcs
  7 bats
  8 endoplasms
  2 giant cockroaches
  10 goblins
  11 hobgoblins
  5 quokkas
  6 ball pythons
  3 frilled lizards
  21 kobolds
  2 rats
222 creatures vanquished.

Vanquished Creatures (others)
  A dancing weapon (D:8)
1 creature vanquished.

Grand Total: 223 creatures vanquished

Notes
Turn   | Place    | Note
-------+----------+-------------------------------------------
     0 | D:1      | serber55 the Kobold Enchanter began the quest for the Orb.
     0 | D:1      | Reached XP level 1. HP: 10/10 MP: 3/3
   184 | D:1      | Reached XP level 2. HP: 3/15 MP: 5/5
   243 | D:1      | Learned a level 2 spell: Ensorcelled Hibernation
   383 | D:1      | Found a faded altar of an unknown god.
   531 | D:1      | Reached XP level 3. HP: 19/20 MP: 6/6
   726 | D:2      | Learned a level 3 spell: Confusing Touch
   750 | D:2      | Identified the +0 scale mail of Midsummer {Dex+2}
   958 | D:2      | Reached skill level 1 in Fighting
  1043 | D:2      | Reached XP level 4. HP: 25/25 MP: 7/7
  1094 | D:2      | Found Hesab's Weapon Boutique.
  1146 | D:2      | Noticed Sigmund
  1150 | D:2      | Killed Sigmund
  1151 | D:2      | Reached XP level 5. HP: 30/30 MP: 9/9
  1151 | D:2      | Reached XP level 6. HP: 35/35 MP: 10/10
  1302 | D:2      | Learned a level 3 spell: Tukima's Dance
  1527 | D:3      | Found a hazy altar of Hepliaklqana.
  1528 | D:3      | Found a shimmering altar of Xom.
  1529 | D:3      | Noticed a boggart
  1530 | D:3      | Noticed a spectral ugly thing
  1530 | D:3      | Noticed a boggart
  1604 | D:3      | Found Voril's Weapon Shop.
  2723 | D:4      | Reached skill level 5 in Short Blades
  2948 | D:4      | Reached XP level 7. HP: 40/40 MP: 10/12
  3192 | D:4      | Gained mutation: You are resistant to electric shocks.
                  | (rElec) [potion of mutation]
  3656 | D:5      | Entered Level 5 of the Dungeon
  3722 | D:5      | Found an iron altar of Okawaru.
  3722 | D:5      | Found a shimmering blue altar of Sif Muna.
  3787 | D:5      | Reached XP level 8. HP: 46/46 MP: 8/13
  3841 | D:5      | Reached skill level 5 in Hexes
  3985 | D:5      | Reached skill level 5 in Dodging
  4120 | D:5      | Learned a level 3 spell: Dazzling Flash
  4269 | D:5      | Found an opulent altar of Gozag.
  4689 | D:6      | Found a shadowy altar of Dithmenos.
  4694 | D:6      | Became a worshipper of Dithmenos the Shadowed
  4783 | D:6      | Reached XP level 9. HP: 52/52 MP: 5/16
  4922 | D:6      | You fall into a shaft and drop 3 floors!
  4979 | D:8      | Noticed Prince Ribbit
  4983 | D:8      | Killed Prince Ribbit
  5000 | D:7      | Reached skill level 5 in Spellcasting
  5162 | D:6      | Reached skill level 5 in Fighting
  5377 | D:6      | Found a radiant altar of Vehumet.
  5418 | D:6      | Reached * piety under Dithmenos
  5644 | D:6      | Found a runed translucent gate.
  5644 | D:6      | Noticed boiyoioing's ghost (novice GnCA)
  5644 | D:6      | Noticed a cyan ugly thing
  5734 | D:6      | Found a runed translucent gate.
  5734 | D:6      | Found a runed translucent gate.
  6374 | D:7      | Reached XP level 10. HP: 60/60 MP: 18/18
  6570 | D:7      | Found an ornate altar of the Wu Jian Council.
  7138 | D:7      | Found a staircase to the Ecumenical Temple.
  7191 | D:7      | Found Guucyideu's Armour Shoppe.
  7748 | D:8      | Learned a level 4 spell: Anguish
  7770 | D:8      | Identified the +0 ring mail of Hukuibla {+Inv Regen+ Int-4}
  7770 | D:8      | Noticed Grum
  7774 | D:8      | Killed Grum
  8036 | D:8      | Reached ** piety under Dithmenos
  8116 | D:8      | Noticed a komodo dragon
  8119 | D:8      | Killed a komodo dragon
  8125 | D:8      | Noticed a komodo dragon
  8131 | D:8      | Noticed a komodo dragon
  8141 | D:8      | HP: 2/61 [komodo dragon (6)]
  8355 | D:8      | Killed a komodo dragon
  8451 | D:8      | Killed a komodo dragon
  8452 | D:8      | Reached XP level 11. HP: 66/66 MP: 17/20
  8656 | D:8      | Found a staircase to the Lair.
  8810 | D:8      | Found a stormy altar of Qazlal.
  9083 | D:9      | Identified the +5 quarterstaff "Kyosacw" {freeze, rPois
                  | Int+3 Stlth+}
  9126 | D:9      | Reached skill level 10 in Short Blades
  9146 | D:9      | Reached *** piety under Dithmenos
  9344 | D:9      | Identified the staff of Cowardice {rF+ rC+ Will- Dex+7
                  | Fire}
  9344 | D:9      | Identified the ring of Symmetry {Fire Will- Int+4}
  9344 | D:9      | Noticed a centaur warrior
  9346 | D:9      | Killed a centaur warrior
  9347 | D:9      | Reached skill level 10 in Hexes
  9404 | D:9      | Noticed a centaur warrior
  9408 | D:9      | Killed a centaur warrior
  9408 | D:9      | Noticed a centaur warrior
  9434 | D:9      | Slain by a centaur warrior

Illustrated notes

Levels and vault maps discovered:
D:1:      dpeg_arrival_more_subterranean_lakeside_camping, layout_rooms,
          basic_ecumenical_altar, st_stairs_7
D:2:      layout_basic, serial_shops, nicolae_shop_window_shopping, uniq_sigmund
D:3:      minmay_skewed_foursquare, layout_basic,
          regret_index_temple_of_mockery, serial_shops, nicolae_shop_crystal,
          serial_rivers, chequers_serial_rivers_small_b,
          chequers_serial_rivers_micro_b, chequers_serial_rivers_small_3,
          chequers_serial_rivers_micro_a, kennysheep_generic_room_10
D:4:      layout_loops_cross, grunt_ministairs_15
D:5:      layout_rooms, mainiacjoe_overflow_brackets,
          gammafunk_temple_overflow_elements
D:6:      minmay_angry_zag, layout_cave_pods, lemuel_coloured_pillars_altar,
          grunt_dithmenos_smoke_and_mirrors, gammafunk_ghost_split
D:7:      layout_loops_ring, nzn_wu_jian_council_hall,
          minmay_temple_entry_poolview, serial_shops,
          nicolae_shop_back_alley_shop, minmay_fire_ice_demons
D:8:      layout_rooms, nicolae_qazlal_style_of_elements, erik_lair_dragon,
          uniq_prince_ribbit1, uniq_grum
D:9:      minmay_the_grid_square_5x5_3x3 [minmay_the_grid_square_5x5_fat_x,
          minmay_the_grid_square_5x5_intrusive_squares,
          minmay_the_grid_square_5x5_n, minmay_the_grid_square_5x5_empty,
          minmay_the_grid_square_5x5_megaprize_crossed,
          minmay_the_grid_square_5x5_bite,
          minmay_the_grid_square_5x5_eight_small,
          minmay_the_grid_square_5x5_hollow_slash,
          minmay_the_grid_square_5x5_seven], layout_rooms, uniq_harold,
          uniq_joseph

Skill      XL: |  1  2  3  4  5  6  7  8  9 10 11 |
---------------+----------------------------------+-----
Short Blades   | 2 3 4 5 6 7 8 9 10 | 10.4
Fighting       | 1 2 3 4 5 6 7 |  7.8
Dodging        | 3 4 5 6 7 8 |  8.8
Spellcasting   | 3 4 5 6 7 |  7.3
Hexes          | 4 6 7 9 10 | 10.2
Stealth        | |  4.0

Action                     |  1- 3 |  4- 6 |  7- 9 | 10-12 || total
---------------------------+-------+-------+-------+-------++-------
  Melee: Dagger            |    88 |    64 |   127 |   192 ||   471
         Punch             |     1 |       |     1 |     1 ||     3
   Cast: Ensorcelled Hiber |       |    16 |    52 |    82 ||   150
         Confusing Touch   |       |     1 |     4 |     5 ||    10
         Tukima's Dance    |       |       |     3 |     2 ||     5
         Dazzling Flash    |       |       |     1 |     7 ||     8
    Use: Potion            |     1 |       |     5 |     4 ||    10
         Scroll            |       |     6 |     5 |     5 ||    16
   Stab: Sleeping          |    12 |    34 |    44 |    57 ||   147
         Confused          |       |     1 |     4 |     3 ||     8
         Invisible         |       |       |     3 |     5 ||     8
         Distracted        |       |       |     2 |     1 ||     3
 Armour: Robe              |    32 |    11 |    24 |    15 ||    82
         Skin              |       |       |     1 |     4 ||     5
         Steam dragon scal |       |       |       |    57 ||    57
  Dodge: Dodged            |    61 |    22 |    92 |   156 ||   331
  Block: Other             |    23 |     3 |    27 |    44 ||    97
         Reflection        |     1 |       |     1 |     4 ||     6

Table legend: (Time is in decaauts)
 A = Elapsed time spent in this place.
 B = Non-inter-level travel time spent in this place.
 C = Inter-level travel time spent in this place.
 D = Time resting spent in this place.
 E = Time spent auto-exploring this place.
 F = Levels seen in this place.
 G = Mean time per level.
                   A        B        C        D        E       F      G
               +--------+--------+--------+--------+--------+-----+--------+
         Total |   9287 |   9044 |    243 |   1782 |   5704 |   9 | 1031.9 |
       Dungeon |   9287 |   9044 |    243 |   1782 |   5704 |   9 | 1031.9 |
               +--------+--------+--------+--------+--------+-----+--------+

Top non-repeatable levels by time:
     D:6: 1654 daAuts
     D:7: 1330 daAuts
     D:8: 1298 daAuts
     D:3: 1195 daAuts
     D:4: 1097 daAuts
     D:5: 857 daAuts
     D:1: 714 daAuts
     D:2: 622 daAuts
     D:9: 515 daAuts
